 Dungeon Crawl Stone Soup version 0.24.0-124-g2791043dd8 (webtiles) character file.

Game seed: 1005216414933807234, levelgen mode: deterministic

23 Descartes the Ducker (level 2, -2/12 HPs)
             Began as a Felid Transmuter on Feb 16, 2020.
             Slain by a centaur (7 damage)
             ... on level 2 of the Dungeon.
             The game lasted 00:01:36 (1382 turns).

Descartes the Ducker (Felid Transmuter)             Turns: 1382, Time: 00:01:38

Health: -2/12      AC:  1    Str:  6    XL:     2   Next: 75%
Magic:  6/6        EV: 18    Int: 14    God:
Gold:   27         SH:  0    Dex: 16    Spells: 4/5 levels left
                                        Lives:  0   Deaths: 0

rFire    . . .     SeeInvis +     - Unarmed
rCold    . . .     Gourm    .   (shield unavailable)
rNeg     . . .     Faith    .   (armour unavailable)
rPois    .         Spirit   .   (helmet unavailable)
rElec    .         Reflect  .   (cloak unavailable)
rCorr    .         Harm     .   (gloves unavailable)
MR       .....                  (boots unavailable)
Stlth    ++........             (no amulet)
HPRegen  0.04/turn              (no ring)
MPRegen  0.10/turn              (no ring)

@: quick
A: very small, no armour, no weapons or thrown items, stealth, claws 1, fangs 3,
see invisible, carnivore, speed 1, shaggy fur 1, slow metabolism 1, sharp paws
a: no special abilities


You were on level 2 of the Dungeon.
You were completely stuffed.

You visited 1 branch of the dungeon, and saw 2 of its levels.

You collected 27 gold pieces.

Inventory:

Missiles
 a - 34 arrows
 b - 74 stones
Scrolls
 d - a scroll of magic mapping {unknown}
 g - 4 scrolls of identify {unknown}
 i - a scroll of fog {unknown}
 j - a scroll of immolation {unknown}
Potions
 e - a potion of cancellation {unknown}
 h - a potion of berserk rage {unknown}
 k - a potion of curing {unknown}
Comestibles
 c - 3 rations


   Skills:
 + Level 1.2 Fighting
 * Level 3.2 Dodging
 * Level 1.6 Stealth
 * Level 3.2 Unarmed Combat
 + Level 2.1 Spellcasting
 + Level 2.4 Transmutations


You had 4 spell levels left.
You knew the following spells:

 Your Spells              Type           Power        Failure   Level  Hunger
a - Beastly Appendage     Tmut           #.....       9%          1    #......

Your spell library contained the following spells:

 Spells                   Type           Power        Failure   Level  Hunger
 Sticks to Snakes         Tmut           #.......     13%         2    ###....
 Spider Form              Tmut/Pois      #.........   41%         3    ###....
 Ice Form                 Ice/Tmut       #.......     82%         4    #####..
 Blade Hands              Tmut           #.........   94%         5    ######.


Dungeon Overview and Level Annotations

Branches:
Dungeon (2/15)

Altars:


Innate Abilities, Weirdness & Mutations

You cannot wear armour.
You are incapable of wielding weapons or throwing items.
Your paws allow you to move quietly. (Stealth)
You have sharp claws.
You have razor-sharp teeth.
You have supernaturally acute eyesight. (SInv)
You are carnivorous and can eat meat at any time.
You cover ground quickly.
You are covered in fur. (AC +1)
You have a slow metabolism.
Your sharp claws are effective at attacking unaware monsters.


Message History

Found a leather armour.
There is a stone staircase leading up here.
Found a blue potion.
The kobold closely misses you.
Found a scroll labeled NUXTAG LIFYAKK.
You scratch the kobold.
You kill the kobold!
No target in view!
A centaur comes into view.
Things that are here:
a +0 short sword; a kobold corpse A centaur is nearby!
The centaur completely misses you.
You scratch the centaur.
The centaur is lightly wounded.
The centaur hits you!
Ouch! That really hurt!
The centaur hits you!
Ouch! That really hurt!
You die...

...............
#..<..#
#.....#+#####
#....#......#
#.#.........#
#.#.........#
#.#...).....+
#.##........#
#........@c.+
###...!.....#
#.....####..'.
#...... ##..
###....# #....#
#PP.P# #..P


You could see a centaur.

Vanquished Creatures
  3 giant cockroaches (D:1)
  3 goblins (D:1)
  3 hobgoblins (D:1)
  A bat (D:1)
  3 frilled lizards (D:1)
  8 kobolds
  2 rats (D:1)
23 creatures vanquished.

Notes
Turn   | Place    | Note
-------+----------+-------------------------------------------
     0 | D:1      | Descartes the Felid Transmuter began the quest for the Orb.
     0 | D:1      | Reached XP level 1. HP: 9/9 MP: 4/4
   489 | D:1      | Reached XP level 2. HP: 12/12 MP: 6/6
   491 | D:1      | Reached skill level 1 in Stealth
  1378 | D:2      | Noticed a centaur
  1382 | D:2      | Slain by a centaur

Levels and vault maps discovered:
D:1:      dpeg_arrival_line_fractal, layout_rooms
D:2:      layout_basic, uniq_crazy_yiuf_cottage

Skill      XL: |  1  2 |
---------------+-------+-----
Dodging        | 3 |  3.2
Stealth        | 1 |  1.6
Fighting       | |  1.2
Unarmed Combat | |  3.2
Spellcasting   | |  2.1
Transmutations | |  2.4

Action                   || total
-------------------------++-------
Melee: Unarmed           ||    64
       Bite              ||     9
 Stab: Sleeping          ||     2
  Eat: Chunk             ||     8
Armor: Skin              ||     3
Dodge: Dodged            ||    44
